Map: Lost and Found LE

Players

Nerchio - Winner!

  • Race: Zerg Zerg
  • Spawn Location: 1:00

HellraiseR

  • Race: Protoss Protoss
  • Spawn Location: 7:00

Event: WCS Valencia 2018

VOD

Have the link to the VOD?

Description

Time

  • Played on: July 12, 2018, 9:26 a.m.
  • Length: 6:06

All games in this series

Show
View Real Time Build Order
Export as new Build Order

Nerchio Zerg - Winner!

Build Orders: Hatch First 

Get SALT Encoding   

  12  0:00  Drone  
  13  0:13  Overlord  
  13  0:16  Drone  
  14  0:31  Drone x2  
  16  0:48  Hatchery  
  15  0:52  Drone  
  15  0:54  Drone  
  17  0:59  Drone  
  18  1:08  Extractor  
  17  1:14  Spawning Pool  
  17  1:17  Drone  
  17  1:20  Drone  
  18  1:28  Drone  
  19  1:40  Overlord  
  19  1:50  Drone  
  20  2:01  Zergling x2, Queen x2  
  20  2:03  Zergling x2  
  26  2:11  Drone x2  
  26  2:15  Metabolic Boost  
  28  2:22  Drone  
  29  2:23  Drone  
  30  2:38  Hatchery  
  30  2:40  Drone  
  30  2:42  Drone  
  31  2:45  Drone  
  31  2:51  Queen  
  32  2:56  Overlord  
  34  2:59  Drone  
  34  3:01  Drone  
  36  3:12  Overlord  
  36  3:14  Drone  
  36  3:15  Drone x4  
  36  3:19  Drone  
  42  3:20  Drone  
  42  3:24  Overlord  
  43  3:27  Overlord  
  43  3:35  Drone  
  43  3:36  Queen  
  46  3:41  Zergling x2  
  46  3:42  Zergling x6  
  46  3:46  Spore Crawler  
  49  3:49  Lair  
  49  3:51  Drone  
  49  3:54  Drone x2  
  52  3:56  Drone  
  52  3:58  Drone  
  52  3:59  Drone  
  55  4:03  Drone x2  
  55  4:04  Extractor  
  55  4:05  Extractor  
  55  4:06  Drone  
  55  4:08  Drone  
  57  4:20  Overlord x2  
  57  4:22  Drone  
  58  4:25  Baneling Nest  
  58  4:26  Drone x3  
  58  4:29  Drone x2  
  58  4:30  Drone  
  63  4:33  Overlord  
  63  4:36  Overlord  
  63  4:47  Zergling x10  
  63  4:48  Hydralisk Den  
  63  4:49  Zergling x2  
  63  4:52  Zergling x4  
  70  5:05  Extractor  
  69  5:16  Hydralisk x7  
  69  5:20  Hydralisk  
  84  5:25  Baneling  
  84  5:26  Baneling  
  84  5:30  Zergling x16  
  84  5:32  Overlord  
  92  5:36  Overlord  
  92  5:38  Hydralisk  
  92  5:41  Hydralisk  
  96  5:46  Overlord  
Show
View Real Time Build Order
Export as new Build Order

HellraiseR Protoss 

Build Orders: 1 Gate Expand, Oracle Opening, Phoenix Opening 

Get SALT Encoding   

  12  0:00  Probe  
  13  0:12  Probe  
  14  0:19  Pylon  
  14  0:24  Probe  
  15  0:33  Probe  
  15  0:39  Gateway  
  15  0:41  Probe  
  16  0:46  Assimilator  
  17  0:52  Probe  
  18  1:04  Probe  
  19  1:20  Nexus  
  19  1:23  Probe  
  20  1:33  Cybernetics Core  
  20  1:36  Probe  
  21  1:41  Assimilator  
  21  1:48  Probe  
  21  1:51  Pylon  
  22  1:59  Probe  
  22  2:00  Adept  
  23  2:07  Probe  
  23  2:15  Probe  
  26  2:22  Stargate  
  27  2:26  Adept, Probe  
  27  2:28  Probe  
  30  2:36  Probe, Warp Gate  
  31  2:38  Probe  
  33  2:46  Probe  
  33  2:50  Probe  
  35  2:57  Phoenix  
  35  2:58  Probe  
  36  3:03  Probe, Gateway  
  39  3:10  Probe  
  39  3:12  Oracle  
  40  3:15  Probe  
  40  3:16  Assimilator  
  41  3:21  Pylon  
  41  3:22  Probe  
  46  3:27  Probe  
  46  3:33  Assimilator  
  46  3:39  Probe  
  46  3:40  Pylon  
  48  3:41  Probe  
  48  3:47  Robotics Facility  
  48  3:51  Probe  
  48  3:53  Probe  
  50  4:01  Gateway  
  50  4:02  Gateway  
  50  4:03  Probe  
  50  4:05  Probe  
  50  4:09  Pylon  
  52  4:19  Gateway  
  52  4:21  Immortal, Gateway  
  52  4:29  Gateway  
  56  4:39  Sentry x2  
  56  4:42  Pylon  
  60  4:46  Gateway  
  60  4:48  Warp Prism  
  60  4:53  Pylon  
  60  4:59  Sentry x2  
  64  5:02  Sentry x2  
  70  5:18  Stalker  
  70  5:19  Stalker  
  74  5:24  Stalker x2  
  78  5:28  Stalker x2  
  78  5:29  Stalker  
  84  5:37  Pylon  
  84  5:38  Pylon  
Tags
 
Add a new tag
Caveats
  • Supply blocks, unpowered buildings, or Contaminate may cause inaccurate times.
  • Supply counts are checked every 10 seconds.